 Dungeon Crawl Stone Soup version 0.25-a0-35-g747a2b3c0c (webtiles) character file.

Game seed: 14061741470586555947, levelgen mode: deterministic

128 Fingolfin the Cudgeler (level 5, -16/32 HPs)
             Began as a Gargoyle Fighter on Oct 19, 2019.
             Was a Plaything of Xom.
             Engulfed by a cloud of flame (17 damage)
             ... on level 3 of the Dungeon.
             The game lasted 00:04:58 (1798 turns).

Fingolfin the Cudgeler (Gargoyle Fighter)           Turns: 1798, Time: 00:05:00

Health: -16/32     AC: 17    Str: 20    XL:     5   Next: 11%
Magic:  5/5        EV:  3    Int:  9    God:    Xom [..*...]
Gold:   81         SH:  9    Dex:  9    Spells: 4/4 levels left

rFire    . . .     SeeInvis .   a - +0 flail
rCold    . . .     Gourm    .   c - +0 shield
rNeg     + . .     Faith    .   g - +0 plate armour
rPois    ∞         Spirit   .   (no helmet)
rElec    +         Reflect  .   (no cloak)
rCorr    .         Harm     .   (no gloves)
MR       .....                  l - +1 pair of boots
Stlth    ..........             (no amulet)
HPRegen  0.10/turn              (no ring)
MPRegen  0.09/turn              (no ring)

@: no status effects
A: negative energy resistance 1, electricity resistance, unbreathing,
petrification resistance, rot immunity, AC +4
a: Renounce Religion


You were on level 3 of the Dungeon.
You worshipped Xom.
You were a toy of Xom.
You were not hungry.

You visited 1 branch of the dungeon, and saw 3 of its levels.

You collected 81 gold pieces.

Inventory:

Hand Weapons
 a - a +0 flail (weapon)
Armour
 c - a +0 shield (worn)
 g - a +0 plate armour (worn)
 l - a +1 pair of boots (worn)
Wands
 p - a wand of paralysis (12)
Scrolls
 e - a scroll of enchant armour
 i - 2 scrolls of remove curse
 o - a scroll of teleportation {unknown}
 q - 2 scrolls of immolation
Potions
 b - 3 potions of heal wounds {unknown}
 d - 2 potions of might
 h - a potion of brilliance {unknown}
 j - a potion of cancellation {unknown}
 k - a potion of haste {unknown}
 m - a potion of curing {unknown}
Comestibles
 f - 7 rations
 n - 4 chunks of flesh


   Skills:
 - Level 3.2 Fighting
 + Level 5.1 Maces & Flails
 - Level 3.2 Armour
 - Level 3.2 Shields


You had 4 spell levels left.
You didn't know any spells.
Your spell library was empty.

Dungeon Overview and Level Annotations

Branches:
Dungeon (3/15)

Altars:
Xom


Innate Abilities, Weirdness & Mutations

You are resistant to torment.
Your stone body is resilient. (AC +4)
You are immune to poison.
You resist negative energy. (rN+)
You are resistant to electric shocks. (rElec)
You can survive without breathing.
You are immune to petrification.
You are immune to rotting.


Message History

The quokka bites you but does no damage. x2
You closely miss the quokka.
The quokka is severely wounded.
The quokka bites you but does no damage.
You closely miss the quokka.
The quokka is severely wounded.
You block the quokka's attack.
Your plate armour prevents you from hitting the quokka.
The quokka is severely wounded.
You block the quokka's attack.
The quokka bites you but does no damage.
You sock the quokka!
The quokka explodes!
The fiery explosion engulfs you!!
Ouch! That really hurt!
* * * LOW HITPOINT WARNING * * *
You are engulfed in blazing flames.
Ouch! That really hurt!
You die...
Xom chuckles heartily!

# .####.#####
.....§§@..#
.##.#§§##.# #..
#.# .. .... #.#
#.# ####. #.# #.#
#. #.# ...
..##.##
#.###########...#
#####.##.....#
##..#


There were no monsters in sight!

Vanquished Creatures
  An orc wizard (D:3)
  2 adders (D:2)
  An ooze (D:3)
  A worm (D:3)
  2 dart slugs
  2 leopard geckos
  3 orcs (D:3)
  9 goblins
  4 hobgoblins
  7 jackals (D:1)
  3 quokkas (D:3)
  2 ball pythons
  5 bats
  13 frilled lizards
  3 kobolds
  4 rats (D:1)
62 creatures vanquished.

Notes
Turn   | Place    | Note
-------+----------+-------------------------------------------
     0 | D:1      | Fingolfin the Gargoyle Fighter began the quest for the Orb.
     0 | D:1      | Reached XP level 1. HP: 14/14 MP: 1/1
   202 | D:1      | Reached XP level 2. HP: 14/19 MP: 2/2
   346 | D:1      | Reached skill level 3 in Maces & Flails
   672 | D:1      | Reached XP level 3. HP: 23/23 MP: 3/3
  1106 | D:2      | Reached skill level 4 in Maces & Flails
  1231 | D:2      | Reached XP level 4. HP: 24/28 MP: 4/4
  1317 | D:2      | Found a shadowy altar of Dithmenos.
  1319 | D:2      | Found a shimmering blue altar of Sif Muna.
  1319 | D:2      | Found a snail-covered altar of Cheibriados.
  1321 | D:2      | Found a shimmering altar of Xom.
  1321 | D:2      | Found a sparkling altar of Nemelex Xobeh.
  1321 | D:2      | Found a white marble altar of Elyvilon.
  1337 | D:2      | Became a worshipper of Xom of Chaos
  1465 | D:2      | You fall into a shaft and drop 1 floor!
  1488 | D:3      | XOM: smoke on damage
  1597 | D:3      | XOM: harmless Summ miscast
  1609 | D:3      | Reached skill level 5 in Maces & Flails
  1609 | D:3      | Reached XP level 5. HP: 27/32 MP: 5/5
  1798 | D:3      | HP: 1/32 [quokka/exploding inner flame[the player
                  | character] (31)]
  1798 | D:3      | Engulfed by a cloud of flame

Levels and vault maps discovered:
D:1:      lightli_arrival_farm, layout_loops_ring, minmay_lizard_pond
D:2:      layout_loops_cross, doesnt_xom_only_xom
D:3:      layout_loops_cross, first_ration

Skill      XL: |  1  2  3  4 |
---------------+-------------+-----
Maces & Flails | 3 4 5 |  5.1
Fighting       | |  3.2
Armour         | |  3.2
Shields        | |  3.2

Action                   |  1- 3 |  4- 6 || total
-------------------------+-------+-------++-------
Melee: Flail             |   174 |    99 ||   273
  Use: Scroll            |       |     3 ||     3
  Eat: Chunk             |     1 |     3 ||     4
Armor: Plate armour      |   162 |    56 ||   218
Dodge: Dodged            |    26 |    12 ||    38
Block: Shield            |    79 |    57 ||   136

Table legend:
 A = Non-vault XP
 B = Vault XP
 C = Vault XP percentage of total XP
 D = Non-vault monster count
 E = Vault monster count
 F = Vault count percentage of total count
                 A         B        C        D         E       F
            +---------+---------+-------+---------+---------+-------
      Total |     174 |       9 |   4.9 |      53 |       9 |  14.5
            +---------+---------+-------+---------+---------+-------
        D:1 |      47 |       9 |  16.1 |      27 |       9 |  25.0
        D:2 |      40 |       0 |   0.0 |       9 |       0 |   0.0
        D:3 |      87 |       0 |   0.0 |      17 |       0 |   0.0
            +---------+---------+-------+---------+---------+-------
